 Dungeon Crawl Stone Soup version 0.31-a0-198-g2ad674f65e (webtiles) character file.

Game seed: 3715502169137117922

31 qw the Shooter (level 3, -2/20 HPs)
             Began as a Deep Elf Hunter on June 25, 2023.
             Slain by a hobgoblin (3 damage)
             ... on level 1 of the Dungeon.
             The game lasted 00:00:17 (526 turns).

qw the Shooter (Deep Elf Hunter)                     Turns: 526, Time: 00:00:17

Health: -2/20      AC:  3    Str: 10    XL:     3   Next: 7%
Magic:  5/5        EV: 12    Int: 13    God:
Gold:   40         SH:  0    Dex: 18    Spells: 2/2 levels left

rFire   . . .        Y - +0 shortbow
rCold   . . .        (shield currently unavailable)
rNeg    . . .        c - +0 leather armour
rPois   .            (no helmet)
rElec   .            (no cloak)
rCorr   .            (no gloves)
SInv    .            (no boots)
Will    +....        (no amulet)
Stlth   ++           f - ring of willpower
HPRegen 0.23/turn    (no ring)
MPRegen 0.09/turn

%: no passive effects
@: no status effects
A: no striking features
a: no special abilities


You were on level 1 of the Dungeon.
You visited 1 branch of the dungeon, and saw 2 of its levels.

You collected 40 gold pieces.


   Skills:
 - Level 1.5 Fighting
 + Level 6.7 Ranged Weapons
 - Level 2.4 Dodging
 - Level 1.2 Stealth


You had 2 spell levels left.
You didn't know any spells.
Your spell library was empty.

Inventory:

Hand Weapons
 Y - a +0 shortbow (weapon)
Armour
 c - a +0 leather armour (worn)
Jewellery
 f - a ring of willpower (left hand)
Potions
 e - a potion of heal wounds {unknown}
 g - a potion of magic {unknown}

Dungeon Overview and Level Annotations

Branches:
Dungeon (2/15)

Altars:

Annotations:
D:1 1 transporter


Message History

The kobold shouts!
The kobold closely misses you.
A hobgoblin comes into view.
You shoot an arrow. The hobgoblin shouts!
The arrow hits the kobold but does no damage.
The bat hits you but does no damage. The hobgoblin misses you.
The kobold misses you.
You shoot an arrow. The arrow hits the kobold!
You kill the kobold!
The bat hits you but does no damage.
The hobgoblin hits you but does no damage.
You shoot an arrow. The arrow hits the hobgoblin.
The hobgoblin is moderately wounded.
The bat misses you. The hobgoblin barely misses you. The hobgoblin misses you.
You shoot an arrow. The arrow barely misses the hobgoblin.
The hobgoblin hits you. The hobgoblin misses you. The adder barely misses you.
520 ||| STAIRDANCE The adder bites you.
The hobgoblin barely misses you. x2; The adder bites you.
You climb upwards.
Level annotation: 1 transporter
There is a stone staircase leading down here.
Enter note:
Enter note:
Enter note:
Enter note: You shoot an arrow.
The arrow closely misses the hobgoblin.
The hobgoblin hits you. The hobgoblin closely misses you. The adder misses you.
You shoot an arrow. The arrow closely misses the hobgoblin.
The hobgoblin hits you. x2; The adder closely misses you.
You shoot an arrow. The arrow misses the adder.
The adder misses you. The hobgoblin closely misses you. The hobgoblin hits you.
The adder bites you. The hobgoblin barely misses you. The hobgoblin hits you.
You shoot an arrow. The arrow hits the adder.
The adder is lightly wounded.
The adder barely misses you. The hobgoblin misses you. The hobgoblin hits you.
You shoot an arrow. The arrow hits the adder.
The adder is heavily wounded.
The adder barely misses you. The hobgoblin hits you. x2
You die...

####### ##### #.....# #...#
#.....# #...# #.....###g..##
#########
##.........@..###.......#
#).......#.gS...#.......####
#.............#.............
#........##'#...............
#........##.#...............
#........##.#.##.......%....
#........##.#.#......###....
#...........#..............%
#...........######.#........


You could see an adder and 2 hobgoblins.

Vanquished Creatures
  A dart slug (D:1)
  2 ball pythons (D:1)
  2 bats (D:1)
  5 endoplasms (D:1)
  2 giant cockroaches (D:1)
  A goblin (D:1)
  4 hobgoblins (D:1)
  4 frilled lizards (D:1)
  4 kobolds
  2 rats (D:1)
27 creatures vanquished.

Notes
Turn   | Place    | Note
-------+----------+-------------------------------------------
     0 | D:1      | qw the Deep Elf Hunter began the quest for the Orb.
     0 | D:1      | Reached XP level 1. HP: 12/12 MP: 3/3
     0 | D:1      | 0 ||| qw: Version: 0.3-a-22-g0ed2b0b
     0 | D:1      | 0 ||| qw: Game counter: 5430
     0 | D:1      | 0 ||| qw: Melee chars always use a shield: true
     0 | D:1      | 0 ||| qw: God list: Okawaru
     0 | D:1      | 0 ||| qw: Allow faded altars: false
     0 | D:1      | 0 ||| qw: Do Orc after clearing Dungeon:15 true
     0 | D:1      | 0 ||| qw: Do second Lair branch before Depths: true
     0 | D:1      | 0 ||| qw: Lair rune preference: random
     0 | D:1      | 0 ||| qw: Goals: Normal
     0 | D:1      | 0 ||| PLANNING D:1-11
   189 | D:1      | Reached skill level 6 in Ranged Weapons
   189 | D:1      | Reached XP level 2. HP: 16/16 MP: 4/4
   349 | D:1      | Reached XP level 3. HP: 20/20 MP: 5/5
   431 | D:1      | Found Fugimusu's Antique Armour Shoppe.
   473 | D:1      | 473 ||| UPGRADING to ring of willpower.
   474 | D:1      | 474 ||| READING scroll labelled KUARUM HEATOU.
   475 | D:1      | 475 ||| READING scroll labelled JEVEYSENIM.
   479 | D:1      | 479 ||| DROPPING scroll of butterflies.
   520 | D:2      | 520 ||| STAIRDANCE
   524 | D:1      | HP: 5/20 [adder (2)]
   526 | D:1      | HP: 1/20 [hobgoblin (2)]
   526 | D:1      | Slain by a hobgoblin

Levels and vault maps discovered:
D:1:      spicycebolla_arrival_risky_transporter, layout_basic, serial_shops,
          nicolae_shop_real_fake_doors, hex_tiny, minivault_23, corner_web_ring
D:2:      layout_basic, uniq_jessica

Skill      XL: |  1 |
---------------+----+-----
Ranged Weapons | 6 |  6.7
Fighting       | |  1.5
Dodging        | |  2.4
Stealth        | |  1.2

Action                     || total
---------------------------++-------
   Fire: Shortbow          ||    65
    Use: Scroll            ||     2
 Armour: Leather armour    ||     3
  Dodge: Dodged            ||    22

Table legend:
 A = Non-vault XP
 B = Vault XP
 C = Vault XP percentage of total XP
 D = Non-vault monster count
 E = Vault monster count
 F = Vault count percentage of total count
                 A         B        C        D         E       F
            +---------+---------+-------+---------+---------+-------
      Total |      45 |       0 |   0.0 |      27 |       0 |   0.0
            +---------+---------+-------+---------+---------+-------
        D:1 |      43 |       0 |   0.0 |      26 |       0 |   0.0
        D:2 |       2 |       0 |   0.0 |       1 |       0 |   0.0
            +---------+---------+-------+---------+---------+-------
